 Dungeon Crawl Stone Soup version bcrawl-1.17.3 (webtiles) character file.

Game seed: 8606922906740386424

339 Gumption the Magician (level 6, -3/51 HPs)
             Began as an Oni Fire Elementalist on Oct 29, 2019.
             Was an Initiate of Nemelex Xobeh.
             Slain by a worker ant (4 damage)
             ... on level 3 of the Dungeon.
             The game lasted 00:35:08 (4936 turns).

Gumption the Magician (Oni Fire Elementalist)       Turns: 4936, Time: 00:35:09

Health: -3/51      AC:  2    Str: 11    XL:     6   Next: 55%
Magic:  0/13       EV: 12    Int: 19    God:    Nemelex Xobeh [......]
Gold:   140        SH:  0    Dex: 11    Spells: 3/12 levels left

rFire    . . .     SeeInvis .   a - +0 mace
rCold    . . .     Gourm    .   (no shield)
rNeg     . . .     Faith    .   x - +0 animal skin
rPois    .         Spirit   .   (helmet restricted)
rElec    .         Reflect  .   (no cloak)
rCorr    .         Harm     .   (no gloves)
MR       .....                  (no boots)
Stlth    ++........             (no amulet)
HPRegen  0.17/turn              (no ring)
MPRegen  0.13/turn              (no ring)

@: lethally poisoned (-3 -> -10)
A: oni magic, claws 1, fangs 1, horns 1
a: Draw Escape, Draw Destruction, Draw Summoning, Renounce Religion


You were on level 3 of the Dungeon.
You worshipped Nemelex Xobeh.
Nemelex Xobeh was noncommittal.
You were not hungry.

You visited 1 branch of the dungeon, and saw 4 of its levels.

You collected 140 gold pieces.

Inventory:

Hand Weapons
 a - a +0 mace (weapon)
Missiles
 c - 741 stones (quivered)
 w - 240 poisoned needles
Armour
 g - a +0 scale mail
 x - a +0 animal skin (worn)
Jewellery
 t - an uncursed amulet of faith
Wands
 k - a wand of flame (22)
 z - a wand of iceblast (10)
Scrolls
 h - a scroll of fog {unknown}
 l - 4 scrolls of remove curse {unknown}
 m - a scroll of teleportation {unknown}
 o - a scroll of enchant armour {unknown}
 p - a scroll of enchant weapon
 q - 2 scrolls of amnesia {unknown}
 r - 2 scrolls of noise {unknown}
 v - a scroll of magic mapping {unknown}
 y - 2 scrolls of identify
Potions
 b - 2 potions of mutation
 d - a potion of ambrosia {unknown}
 f - a potion of flight {unknown}
 i - a potion of might {unknown}
 j - a potion of invisibility {unknown}
 n - 2 potions of brilliance
 s - 2 potions of curing {unknown}
 u - a potion of haste {unknown}
 A - a potion of agility {unknown}
 B - a potion of cancellation {unknown}
Comestibles
 e - 9 rations {!d}


   Skills:
 + Level 3.3 Fighting
 + Level 0.7 Maces & Flails
 - Level 1.7 Dodging
 - Level 1.7 Stealth
 * Level 3.8 Spellcasting
 + Level 0.9 Invocations


You had 3 spell levels left.
You knew the following spells:

 Your Spells              Type           Power        Failure   Level  Hunger
a - Flame Tongue          Conj/Fire      ###..        3%          1    None
b - Flaming Arrows        Chrm/Fire      ###.....     4%          2    ##.....
c - Sting                 Conj/Pois      ###.         3%          1    None
d - Conjure Flame         Conj/Fire      ###.....     9%          3    ###....
e - Blink                 Tloc           N/A          3%          2    ##.....

Your spell library contained the following spells:

 Spells                   Type           Power        Failure   Level  Hunger
 Shackle                  Hex            ###.....     3%          2    ##.....
 Inner Flame              Hex/Fire       N/A          9%          3    ###....
 Sticky Flame             Conj/Fire      ###.....     28%         4    ####...
 Fireball                 Conj/Fire      ###.......   63%         5    ######.


Dungeon Overview and Level Annotations

Branches:
Dungeon (4/12)
 Temple: D:4-7

Altars:
Nemelex Xobeh
Qazlal
Wu Jian
Yredelemnul
Zin

Annotations:
D:3 exclusion: sky beast


Innate Abilities, Weirdness & Mutations

You learn spells by gaining experience, not through books or religion.
You only train spellcasting to practice magic.
You have sharp fingernails.
You have very sharp teeth.
You have a pair of small horns on your head.


Message History

You feel sick. The worker ant bites you.
* * * LOW HITPOINT WARNING * * *
The worker ant bites you.
* * * LOW HITPOINT WARNING * * *
You are lethally poisoned!
The worker ant poisons you!
You barely miss the worker ant.
You headbutt the worker ant, but do no damage.
The worker ant is almost dead.
* * * LOW HITPOINT WARNING * * *
You feel sick. The worker ant bites you.
* * * LOW HITPOINT WARNING * * *
You barely miss the worker ant.
The worker ant is almost dead.
* * * LOW HITPOINT WARNING * * *
You feel sick.
The worker ant bites you but does no damage.
The worker ant bites you.
You die...
Your body disappears without a glow.

....#....############### #....
....#....#.............# #.###
##.........#...........# #....
##.....#.####.....[....##########
##...._#...................# #..
.....#.#.###...............# #.#
###........#...............# #..
.......#.#.#...............# ###
######.#.#.#....@a>....#####
##.....#.#........)....#
...##..#)########'######
#####..#[##.....#.#
>......#.##.#.....#
.......#.#....#####
.......#.#..#.# #......#.#..#.#
##.....#.#..#.#


You could see a worker ant.

Vanquished Creatures
  A phantom (D:4)
  3 orc wizards (D:4)
  A worker ant (D:2)
  4 gnolls (D:3)
  2 oozes
  6 worms
  2 dart slugs
  3 leopard geckos
  10 orcs (D:3)
  3 giant cockroaches
  2 goblins
  9 hobgoblins
  6 jackals
  10 kobolds
  5 bats
  5 frilled lizards
  A jackal skeleton (D:4)
  5 rats
78 creatures vanquished.

Notes
Turn   | Place    | Note
-------+----------+-------------------------------------------
     0 | D:1      | Gumption the Oni Fire Elementalist began the quest for the
                  | Orb.
     0 | D:1      | Reached XP level 1. HP: 14/14 MP: 4/4
   315 | D:1      | Reached XP level 2. HP: 21/22 MP: 6/6
   325 | D:1      | Learned a level 2 spell: Flaming Arrows
   789 | D:1      | Reached skill level 1 in Fighting
  1004 | D:1      | Learned a level 1 spell: Sting
  1011 | D:2      | Reached XP level 3. HP: 28/28 MP: 1/8
  1477 | D:2      | Found an ornate altar of the Wu Jian Council.
  2001 | D:2      | Found a stormy altar of Qazlal.
  2007 | D:2      | Reached XP level 4. HP: 33/36 MP: 4/9
  2763 | D:3      | Found a glowing silver altar of Zin.
  3269 | D:3      | Reached XP level 5. HP: 42/42 MP: 6/11
  3904 | D:3      | Noticed a sky beast
  4311 | D:4      | Found a sparkling altar of Nemelex Xobeh.
  4331 | D:4      | Became a worshipper of Nemelex Xobeh the Trickster
  4364 | D:4      | Noticed a hippogriff
  4379 | D:4      | Received a gift from Nemelex Xobeh
  4457 | D:4      | Noticed a phantom
  4490 | D:4      | Killed a phantom
  4490 | D:4      | Reached XP level 6. HP: 30/51 MP: 0/13
  4495 | D:4      | Learned a level 3 spell: Conjure Flame
  4498 | D:4      | Learned a level 2 spell: Blink
  4705 | D:4      | Found a basalt altar of Yredelemnul.
  4936 | D:3      | HP: 1/51 [poisoned by a worker ant]
  4936 | D:3      | Slain by a worker ant

Skill      XL: |  1  2  3  4  5 |
---------------+----------------+-----
Fighting       | 1 2 3 |  3.3
Spellcasting   | 2 3 |  3.8
Maces & Flails | |  0.7
Dodging        | |  1.7
Stealth        | |  1.7
Invocations    | |  0.9

Action                   |  1- 3 |  4- 6 || total
-------------------------+-------+-------++-------
Melee: Unarmed           |    55 |    39 ||    94
       Headbutt          |    13 |     3 ||    16
       Bite              |     3 |     4 ||     7
       Mace              |       |     3 ||     3
Throw: Stone             |    23 |       ||    23
 Cast: Flame Tongue      |    49 |   109 ||   158
       Flaming Arrows    |     3 |       ||     3
 Abil: Draw Destruction  |       |     3 ||     3
  Use: Scroll            |       |     4 ||     4
 Stab: Sleeping          |       |     3 ||     3
  Eat: Chunk             |     4 |     8 ||    12
       Ration            |       |     1 ||     1
Armor: Animal skin       |    14 |    14 ||    28
Dodge: Dodged            |    39 |    48 ||    87
